 Dungeon Crawl Stone Soup version 0.19.4-8-ga85b6b9 (webtiles) character file.

1886 Gargoyl the Chopper (level 9, 0/75 HPs)
             Began as a Ghoul Abyssal Knight on Feb 7, 2017.
             Was a Priest of Lugonu.
             Slain by an orc warrior
             ... wielding a +0 hand axe
              (13 damage)
             ... on level 7 of the Dungeon.
             The game lasted 00:13:49 (8108 turns).

Gargoyl the Chopper (Ghoul Abyssal Knight)          Turns: 8108, Time: 00:13:50

Health: 0/75       AC: 15    Str: 17    XL:     9   Next: 14%
Magic:  10/10      EV:  6    Int:  7    God:    Lugonu [***...]
Gold:   444        SH:  0    Dex: 10    Spells: 0 memorised, 8 levels left

rFire  + . .     SeeInvis .     g - +1 war axe
rCold  + . .     Gourm    .     d - +1 plate armour
rNeg   + + +     Faith    .     (no shield)
rPois  ∞         Spirit   .     (no helmet)
rElec  .         Reflect  .     s - +0 cloak (curse)
rCorr  .         Harm     .     (no gloves)
MR     .....                    (no boots)
Stlth  ..........               (no amulet)
                                (no ring)
                                i - ring of protection from fire

@: rotting
A: rotting body, claws 1, carnivore 3, cold resistance 1, negative energy
resistance 3, slow regeneration 1, torment resistance, unbreathing
a: Depart the Abyss, Bend Space, Banish, Renounce Religion


You were on level 7 of the Dungeon.
You worshipped Lugonu.
Lugonu was most pleased with you.
You were not hungry.

You visited 1 branch of the dungeon, and saw 7 of its levels.
You visited the Abyss 1 time.

You collected 444 gold pieces.

Inventory:

Hand Weapons
 a - a +1 hand axe
 g - a +1 war axe (weapon)
Armour
 d - a +1 plate armour (worn)
 s - a cursed +0 cloak (worn)
Jewellery
 i - a ring of protection from fire (left claw)
Wands
 t - a wand of iceblast (15/15)
Scrolls
 h - 5 scrolls of identify
 j - 5 scrolls of remove curse
 o - 2 scrolls of amnesia
Potions
 f - a potion of might {unknown}
 k - a potion of flight {unknown}
 l - a potion of agility {unknown}
 m - 3 potions of lignification
 n - 2 potions of degeneration {unknown}
 p - a potion of mutation {unknown}
 q - 2 potions of curing {unknown}
Comestibles
 b - 5 chunks of flesh
 c - 3 meat rations


   Skills:
 + Level 5.7 Fighting
 + Level 7.1 Axes
 * Level 6.4 Armour
 + Level 1.6 Dodging
 - Level 0.5 Stealth
 * Level 3.8 Invocations
 + Level 0.1 Evocations


You had 8 spell levels left.
You didn't know any spells.

Dungeon Overview and Level Annotations

Branches:
Dungeon (7/15)
 Temple: D:4-7

Altars:
Makhleb
Nemelex Xobeh
Ru

Shops:
D:5 :


Innate Abilities, Weirdness & Mutations

Your body is rotting away.
You thrive on raw meat.
You are immune to poison.
You have sharp fingernails.
You are carnivorous and can eat meat at any time.
Your flesh is cold resistant. (rC+)
You are immune to negative energy. (rN+++)
You regenerate slowly when monsters are visible.
You are immune to unholy pain and torment.
You can survive without breathing.


Message History

You slash the orc warrior!
You kill the orc warrior!
Lugonu accepts your kill.
You closely miss the orc warrior.
The orc warrior hits you with a hand axe.
Unknown command.
You closely miss the orc warrior.
The orc warrior is heavily wounded.
The orc warrior hits you but does no damage.
You hit the orc warrior.
The orc warrior is severely wounded.
The orc warrior barely misses you.
You hit the orc warrior but do no damage.
The orc warrior is severely wounded.
The orc warrior hits you with a hand axe!
* * * LOW HITPOINT WARNING * * *
You hit the orc warrior but do no damage.
The orc warrior is severely wounded.
The orc warrior hits you with a hand axe!
You die...

#.#.######## #..
#.#.##### #..
#.#.....# #..
###.######.#.#..%.
...............#
###.###......###
#..#.#.....#
#..#)#######
#..#@# #..#o#
..[#.# ###.#.. ###


You could see an orc warrior.

Vanquished Creatures
  Menkaure (D:6)
  Duvessa (D:4)
  An orc warrior (D:7)
  An ice beast (D:5)
  A phantom (D:6)
  5 ogres
  Blork the orc (D:4)
  2 bullfrogs
  Dowan (D:4)
  2 scorpions
  A howler monkey (D:6)
  2 crimson imps (D:6)
  2 orc priests
  A hound (D:7)
  3 orc wizards
  A centaur skeleton (D:5)
  3 worker ants
  A hound skeleton (D:5)
  A worker ant zombie (D:6)
  A gnoll (D:4)
  9 adders
  3 oozes
  An adder skeleton (D:5)
  2 worms
  4 dart slugs
  7 leopard geckos
  13 orcs
  A ball python (D:4)
  11 bats
  5 giant cockroaches
  7 goblins
  5 hobgoblins
  12 jackals
  A quokka (D:3)
  7 frilled lizards
  8 kobolds
  10 rats
138 creatures vanquished.

Notes
Turn   | Place    | Note
-------+----------+-------------------------------------------
     0 | Abyss:1  | Gargoyl the Ghoul Abyssal Knight began the quest for the Orb.
     0 | Abyss:1  | Reached XP level 1. HP: 19/19 MP: 1/1
   117 | Abyss:1  | Noticed an efreet
   119 | D:1      | Escaped the Abyss
   212 | D:1      | Reached XP level 2. HP: 23/26 MP: 2/2
   273 | D:1      | Reached * piety under Lugonu
   437 | D:1      | Reached skill level 1 in Dodging
   443 | D:1      | Reached skill level 2 in Axes
   536 | D:1      | Reached XP level 3. HP: 27/33 MP: 3/3
  1005 | D:2      | Reached XP level 4. HP: 16/40 MP: 4/4
  1444 | D:2      | Reached ** piety under Lugonu
  1444 | D:2      | Reached skill level 3 in Axes
  1913 | D:3      | Reached XP level 5. HP: 46/46 MP: 5/5
  2625 | D:4      | Found a sparkling altar of Nemelex Xobeh.
  2770 | D:4      | Noticed Duvessa
  2771 | D:4      | Noticed Blork the orc
  2781 | D:5      | Entered Level 5 of the Dungeon
  3009 | D:4      | Killed Duvessa
  3009 | D:4      | Reached skill level 4 in Axes
  3009 | D:4      | Reached XP level 6. HP: 28/52 MP: 6/6
  3068 | D:4      | Noticed Dowan
  3290 | D:4      | Killed Dowan
  3562 | D:4      | Killed Blork the orc
  3784 | D:4      | Reached skill level 5 in Fighting
  3784 | D:4      | Reached XP level 7. HP: 35/61 MP: 7/7
  5257 | D:5      | Reached skill level 5 in Axes
  5547 | D:5      | Found Viacw's Book Emporium.
  5706 | D:5      | Reached *** piety under Lugonu
  6287 | D:4      | Reached XP level 8. HP: 52/67 MP: 8/8
  6411 | D:6      | Found a burning altar of Makhleb.
  6479 | D:6      | Reached skill level 5 in Armour
  6755 | D:6      | Noticed Menkaure
  6836 | D:5      | Reached skill level 6 in Axes
  7069 | D:6      | Killed Menkaure
  7592 | D:6      | Found a sacrificial altar of Ru.
  8021 | D:7      | Reached XP level 9. HP: 18/74 MP: 10/10
  8078 | D:7      | Reached skill level 7 in Axes
  8092 | D:6      | Noticed a rust devil
  8092 | D:6      | Noticed a rust devil
  8108 | D:7      | Slain by an orc warrior

Skill      XL: |  1  2  3  4  5  6  7  8  9 |
---------------+----------------------------+-----
Armour         | 2 3 4 6 |  6.4
Dodging        | 1 |  1.6
Axes           | 2 3 4 5 6 7 |  7.1
Fighting       | 4 5 |  5.7
Invocations    | 3 |  3.8
Stealth        | |  0.5
Evocations     | |  0.1

Action                   |  1- 3 |  4- 6 |  7- 9 || total
-------------------------+-------+-------+-------++-------
Melee: Hand axe          |   123 |   282 |    28 ||   433
       War axe           |       |       |   244 ||   244
Invok: Depart the Abyss  |     1 |       |       ||     1
Evoke: Wand              |       |       |     2 ||     2
  Use: Scroll            |     6 |     4 |     9 ||    19
       Potion            |       |     1 |     6 ||     7
  Eat: Chunk             |     5 |    21 |    32 ||    58
Armor: Plate armour      |   146 |   250 |   228 ||   624
Dodge: Dodged            |    33 |    64 |    80 ||   177
